 Dungeon Crawl Stone Soup version 0.28-a0-381-g937acc2988 (webtiles) character file.

Game seed: 1051223494303307269

23 zero the Conjurer (level 3, -3/20 HPs)
             Began as a Kobold Conjurer on Sept 1, 2021.
             Killed from afar by a dart slug (4 damage)
             ... with a slug dart
             ... on level 1 of the Dungeon.
             The game lasted 00:01:04 (1323 turns).

zero the Conjurer (Kobold Conjurer)                 Turns: 1323, Time: 00:01:05

Health: -3/20      AC:  2    Str:  4    XL:     3   Next: 12%
Magic:  0/6        EV: 14    Int: 20    God:
Gold:   59         SH:  0    Dex: 13    Spells: 4/7 levels left

rFire   . . .      SeeInvis .   c - +0 club
rCold   . . .      Faith    .   (shield restricted)
rNeg    . . .      Spirit   .   a - +0 robe
rPois   .          Reflect  .   (no helmet)
rElec   .          Harm     .   (no cloak)
rCorr   .          Rampage  .   (no gloves)
Will    .....                   (no boots)
Stlth   +++.......              (no amulet)
HPRegen 0.06/turn               (no ring)
MPRegen 0.10/turn               (no ring)

@: no status effects
A: small, no large weapons, nightstalker 3
a: no special abilities


You were on level 1 of the Dungeon.
You visited 1 branch of the dungeon, and saw 1 of its levels.

You collected 59 gold pieces.

Inventory:

Hand Weapons
 c - a +0 club (weapon)
Armour
 a - a +0 robe (worn)
Jewellery
 g - a +6 ring of dexterity
Potions
 b - a potion of invisibility {unknown}
 d - a potion of brilliance {unknown}
 e - a potion of flight {unknown}
 f - a potion of berserk rage {unknown}
 h - a potion of curing {unknown}


   Skills:
 * Level 1.5 Fighting
 - Level 2.4 Dodging
 + Level 3.2 Stealth
 + Level 2.5 Spellcasting
 + Level 4.1 Conjurations


You had 4 spell levels left.
You knew the following spells:

 Your Spells              Type           Power      Damage    Failure   Level
a - Magic Dart            Conj           76%        1d6       2%          1
b - Searing Ray           Conj           38%        3d4       4%          2

Your spell library contained the following spells:

 Spells                   Type           Power      Damage    Failure   Level
 Dazzling Flash           Conj/Hex       20%        N/A       19%         3
 Fulminant Prism          Conj/Hex       5%         3d7       54%         4
 Iskenderun's Mystic Bla  Conj/Tloc      10%        2d4       54%         4


Dungeon Overview and Level Annotations

Branches:
Dungeon (1/15)

Altars:


Innate Abilities, Weirdness & Mutations

You are small and have problems with some larger weapons.
You are completely attuned to the shadows.


Message History

You kill the ball python!
The dart slug launches a dart at you. The slug dart hits you.
* * * LOW HITPOINT WARNING * * *
Casting: Searing Ray (safe; 4% risk of failure)
Confirm with . or Enter, or press ? or * to list all spells.
Restarting spell: Searing Ray (safe; 4% risk of failure)
Press: ? - help, Shift-Dir - straight line, f - dart slug
Aim: a dart slug (100% to hit)
The searing ray hits the dart slug.
The dart slug is heavily wounded. (Press . to maintain the ray.) Without enough magic to sustain it, your searing ray dissipates.
The dart slug closely misses you.
You hit the dart slug but do no damage.
The dart slug is heavily wounded.
The dart slug bites you but does no damage.
You hit the dart slug but do no damage.
The dart slug is heavily wounded.
You hit the dart slug.
The dart slug is heavily wounded.
The dart slug closely misses you.
Casting: Searing Ray (safe; 4% risk of failure)
Confirm with . or Enter, or press ? or * to list all spells.
Aiming: Magic Dart (safe; 2% risk of failure)
Press: ? - help, Shift-Dir - straight line, f/p - dart slug
Aim: a dart slug (heavily wounded, 100% to hit)
The magic dart hits the dart slug.
The dart slug is severely wounded.
The dart slug launches a dart at you. The slug dart misses you.
You hit the dart slug but do no damage.
The dart slug is severely wounded.
The dart slug bites you.
* * * LOW HITPOINT WARNING * * *
You hit the dart slug.
The dart slug is almost dead.
The dart slug launches a dart at you. The slug dart hits you.
You die...

#.##....#
.###.##...###
......>......
.######.#.###
#.#.# #######
##.#.#
#.....#
##....# #
#...w.##.
#.....###
#...@†...
#.......†
#.#..###.
.#.....###
#..# #.....##
####..####
##.#.#####
#........#
##.......
#.########
##.#######
#...##...#
#..#
###.##.###
.#.#
#...##...#
#.####


You could see a dart slug.

Vanquished Creatures
  An endoplasm (D:1)
  3 goblins (D:1)
  2 hobgoblins (D:1)
  3 jackals (D:1)
  A quokka (D:1)
  3 ball pythons (D:1)
  A bat (D:1)
  4 frilled lizards (D:1)
  A kobold (D:1)
  3 rats (D:1)
22 creatures vanquished.

Notes
Turn   | Place    | Note
-------+----------+-------------------------------------------
     0 | D:1      | zero the Kobold Conjurer began the quest for the Orb.
     0 | D:1      | Reached XP level 1. HP: 10/10 MP: 3/3
   121 | D:1      | Reached XP level 2. HP: 3/16 MP: 0/5
   124 | D:1      | Learned a level 2 spell: Searing Ray
   414 | D:1      | Reached skill level 1 in Fighting
   748 | D:1      | Found a faded altar of an unknown god.
  1094 | D:1      | Reached XP level 3. HP: 9/20 MP: 0/6
  1322 | D:1      | HP: 1/20 [dart slug (3)]
  1323 | D:1      | Killed from afar by a dart slug

Illustrated notes

Levels and vault maps discovered:
D:1:      minmay_arrival_hallway, layout_loops_ring,
          hellmonk_ecumenical_altar_heavens_door, bh_walls_and_bars

Skill      XL: |  1  2 |
---------------+-------+-----
Fighting       | 1 |  1.5
Stealth        | 3 |  3.2
Dodging        | |  2.4
Spellcasting   | |  2.5
Conjurations   | |  4.1

Action                   || total
-------------------------++-------
Melee: Club              ||    27
 Cast: Magic Dart        ||    32
       Searing Ray       ||     2
Armor: Robe              ||    10
Dodge: Dodged            ||    35

Table legend: (Time is in decaauts)
 A = Elapsed time spent in this place.
 B = Non-inter-level travel time spent in this place.
 C = Inter-level travel time spent in this place.
 D = Time resting spent in this place.
 E = Time spent auto-exploring this place.
 F = Levels seen in this place.
 G = Mean time per level.
                   A        B        C        D        E       F      G
               +--------+--------+--------+--------+--------+-----+--------+
         Total |   1330 |   1330 |      0 |    417 |    771 |   1 | 1330.0 |
       Dungeon |   1330 |   1330 |      0 |    417 |    771 |   1 | 1330.0 |
               +--------+--------+--------+--------+--------+-----+--------+

Top non-repeatable levels by time:
     D:1: 1330 daAuts
